 Dungeon Crawl Stone Soup version 0.29-a0-106-g0a07039d5a (webtiles) character file.

Game seed: 1586809343274617633

5 being54 the Shield-Bearer (level 1, -1/14 HPs)
             Began as a Gargoyle Fighter on Feb 16, 2022.
             Slain by a quokka (2 damage)
             ... on level 1 of the Dungeon.
             The game lasted 00:00:22 (227 turns).

being54 the Shield-Bearer (Gargoyle Fighter)         Turns: 227, Time: 00:00:23

Health: -1/14      AC:  9    Str: 19    XL:     1   Next: 80%
Magic:  1/1        EV:  9    Int:  8    God:
Gold:   0          SH:  4    Dex:  9    Spells: 0/0 levels left

rFire   . . .      SeeInvis .   a - +0 flail
rCold   . . .      Faith    .   c - +0 buckler
rNeg    + . .      Spirit   .   b - +0 scale mail
rPois   ∞          Reflect  .   (no helmet)
rElec   +          Harm     .   (no cloak)
rCorr   .          Rampage  .   (no gloves)
Will    .....                   (no boots)
Stlth   ..........              (no amulet)
HPRegen 0.04/turn               (no ring)
MPRegen 0.07/turn               (no ring)

@: no status effects
A: sickness immunity, AC +2, negative energy resistance 1, electricity
resistance, torment resistance 1, petrification resistance
a: no special abilities


You were on level 1 of the Dungeon.
You visited 1 branch of the dungeon, and saw 1 of its levels.

Inventory:

Hand Weapons
 a - a +0 flail (weapon)
Missiles
 e - 20 bolts
Armour
 b - a +0 scale mail (worn)
 c - a +0 buckler (worn)
Potions
 d - a potion of might


   Skills:
 + Level 3.4 Fighting
 + Level 2.0 Maces & Flails
 + Level 3.4 Armour
 + Level 3.5 Shields


You couldn't memorise any spells.
You didn't know any spells.
Your spell library was empty.

Dungeon Overview and Level Annotations

Branches:
Dungeon (1/15)

Altars:


Innate Abilities, Weirdness & Mutations

You are immune to sickness and miasma.
Your stone body is resilient. (AC +2)
You are immune to poison.
You resist negative energy. (rN+)
You are resistant to electric shocks. (rElec)
You are resistant to unholy torment.
You are immune to petrification.


Message History

You sock the rat!
You kill the rat!
Items here: )) ††.
You start resting.
HP restored.
Found 20 bolts.
Found a stone staircase leading down.
Found 15 arrows.
You see here 20 bolts.
e - 20 bolts
Found a club.
A kobold comes into view. It is wielding a +0 club.
The kobold shouts!
An endoplasm comes into view.
The endoplasm quivers.
A quokka comes into view.
An endoplasm comes into view.
The kobold closely misses you.
You closely miss the kobold.
The endoplasm quivers.
You block the kobold's attack.
You hit the kobold but do no damage. The kobold hits you but does no damage.
The kobold hits you with a +0 club.
You closely miss the kobold. You block the kobold's attack.
You hit the endoplasm but do no damage. The kobold barely misses you.
The endoplasm barely misses you.
You sock the endoplasm!
You kill the endoplasm!
The quokka bites you. The kobold barely misses you.
You block the quokka's attack. The kobold hits you with a +0 club.
The endoplasm freezes you.
You are frozen.
* * * LOW HITPOINT WARNING * * *
You barely miss the endoplasm. The quokka closely misses you.
The kobold hits you but does no damage. The endoplasm closely misses you.
You sock the endoplasm!
You kill the endoplasm!
The quokka completely misses you. The kobold hits you with a +0 club.
* * * LOW HITPOINT WARNING * * *
The quokka bites you.
You die...

#### ...# ##### #<..
....#####...# #####
........#...#####
##....
#......#...#...###..##.
#......#...#.#.....####
#..........#.#####.##..
#.....r......# #.##..
#.K@.##...#####.##..
###...##...#........
##.......#...)....
#.......#........
#.......#........
.........#........
####....#.#........
###....#.#......
#.##...#......


You could see a quokka and a kobold.

Vanquished Creatures
  3 endoplasms (D:1)
  A goblin (D:1)
  A kobold (D:1)
  A rat (D:1)
6 creatures vanquished.

Notes
Turn   | Place    | Note
-------+----------+-------------------------------------------
     0 | D:1      | being54 the Gargoyle Fighter began the quest for the Orb.
     0 | D:1      | Reached XP level 1. HP: 14/14 MP: 1/1
   227 | D:1      | Slain by a quokka

Illustrated notes

Levels and vault maps discovered:
D:1:      amcnicky_arrival_choice, layout_basic,
          ebering_ecumenical_altar_abandoned

Action                   || total
-------------------------++-------
Melee: Flail             ||    18
Armor: Scale mail        ||     8
Dodge: Dodged            ||    16
Block: Buckler           ||     4

Table legend: (Time is in decaauts)
 A = Elapsed time spent in this place.
 B = Non-inter-level travel time spent in this place.
 C = Inter-level travel time spent in this place.
 D = Time resting spent in this place.
 E = Time spent auto-exploring this place.
 F = Levels seen in this place.
 G = Mean time per level.
                   A        B        C        D        E       F      G
               +--------+--------+--------+--------+--------+-----+--------+
         Total |    232 |    229 |      3 |    149 |     43 |   1 |  232.0 |
       Dungeon |    232 |    229 |      3 |    149 |     43 |   1 |  232.0 |
               +--------+--------+--------+--------+--------+-----+--------+

Top non-repeatable levels by time:
     D:1: 232 daAuts
